 Dungeon Crawl Stone Soup version 0.22-a0-162-g33bf1272b0 (webtiles) character file.

59215 Faustar the Severer (level 14, -1/222 HPs)
             Began as a Minotaur Berserker on Feb 12, 2018.
             Was an Elder of Trog.
             Slain by an emperor scorpion (7 damage)
             ... on level 1 of the Spider Nest.
             The game lasted 00:57:18 (21831 turns).

Faustar the Severer (Minotaur Berserker)           Turns: 21831, Time: 00:57:18

Health: -1/222     AC: 17    Str: 27    XL:     14   Next: 52%
Magic:  13/13      EV: 11    Int: 10    God:    Trog [****..]
Gold:   1644       SH:  0    Dex: 11    Spells: 13/13 levels left

rFire    + + +     SeeInvis .   W - +4 battleaxe (venom)
rCold    . . .     Gourm    .   (shield currently unavailable)
rNeg     + . .     Faith    .   e - +1 scale mail
rPois    .         Spirit   .   (helmet restricted)
rElec    .         Reflect  .   B - +0 cloak
rCorr    .         Harm     .   X - +0 pair of gloves
MR       +++..                  s - +2 pair of boots
Stlth    ..........             (no amulet)
HPRegen  1.47/turn              J - ring "Syurhues" {rF+++ AC+5 Str-4 Int+6}
MPRegen  0.13/turn              M - ring of positive energy

@: berserking, lethally poisoned (-1 -> -69), regenerating, very quick
A: retaliatory headbutt, horns 2
a: Berserk, Trog's Hand, Brothers in Arms, Burn Spellbooks, Renounce Religion


You were on level 1 of the Spider Nest.
You worshipped Trog.
Trog was greatly pleased with you.
You were very hungry.

You visited 4 branches of the dungeon, and saw 19 of its levels.

You collected 1644 gold pieces.

Inventory:

Hand Weapons
 I - a +0 hand axe of chopping
 L - a +0 hand axe of flaming
 W - a +4 battleaxe of venom (weapon)
Missiles
 V - 8 steel javelins (quivered)
Armour
 b - a +0 animal skin
 e - a +1 scale mail (worn)
 n - a +0 pair of gloves
 s - a +2 pair of boots (worn)
 B - a +0 cloak (worn)
 P - a +0 shield
 X - a +0 pair of gloves (worn)
Jewellery
 m - a +2 ring of dexterity
 D - a +5 ring of intelligence
 J - the ring "Syurhues" (left hand) {rF+++ AC+5 Str-4 Int+6}
   (You found it on level 8 of the Dungeon)

   [ring of protection]

   It affects your AC (+5).
   It affects your strength (-4).
   It affects your intelligence (+6).
   It renders you almost immune to fire.
 M - a ring of positive energy (right hand)
Wands
 g - a wand of iceblast (6)
 v - a wand of paralysis (8)
 z - a wand of acid (15)
 C - a wand of polymorph (9)
 U - a wand of digging (25)
Scrolls
 f - 6 scrolls of teleportation
 p - a scroll of brand weapon {unknown}
 t - 8 scrolls of remove curse
 w - a scroll of fog
 A - a scroll of noise {unknown}
 G - a scroll of fear
 O - 2 scrolls of enchant armour
 R - 2 scrolls of enchant weapon {unknown}
 S - 2 scrolls of identify
 T - a scroll of random uselessness {unknown}
Potions
 d - 3 potions of resistance {unknown}
 h - 2 potions of degeneration {unknown}
 i - 3 potions of heal wounds
 j - a potion of curing
 k - a potion of cancellation
 o - 3 potions of flight
 q - 3 potions of agility
 x - 3 potions of haste {unknown}
 E - 4 potions of magic
 K - 3 potions of might
 N - a potion of berserk rage {unknown}
 Y - a potion of brilliance {unknown}
Comestibles
 a - 2 chunks of flesh
 c - 26 rations


   Skills:
 + Level 20.1 Fighting
 + Level 20.1 Axes
 - Level 2.4 Armour
 - Level 2.1 Dodging


You had 13 spell levels left.
You didn't know any spells.

Dungeon Overview and Level Annotations

Branches:
Dungeon (11/15)            Temple (0/1) D:5            Lair (6/6) D:10
  Swamp (0/4) Lair:2       Spider (1/4) Lair:4          Orc (1/2) D:9
  Slime: Lair:5-6

Altars:
Gozag
Kikubaaqudgha
Ru
Trog
Uskayaw
Vehumet
Wu Jian
Xom
Zin

Annotations:
Lair:2 exclusion: 3 oklob plants
Lair:4 exclusion: oklob plant
Lair:6 exclusion: 5 oklob plants


Innate Abilities, Weirdness & Mutations

You reflexively headbutt those who attack you in melee.
You have a pair of horns on your head.


Message History

You feel very sick. The emperor scorpion stings you!
* * * LOW HITPOINT WARNING * * *
The emperor scorpion closely misses you.
The emperor scorpion claws you but does no damage.
You closely miss the emperor scorpion.
You headbutt the emperor scorpion, but do no damage.
The emperor scorpion is almost dead.
* * * LOW HITPOINT WARNING * * *
You feel very sick.
Unknown command.
You are too berserk!
Unknown command.
Unknown command.
You hit the emperor scorpion.
The emperor scorpion is almost dead.
* * * LOW HITPOINT WARNING * * *
You feel very sick. The emperor scorpion stings you!
You die...

≈ ........ ≈. #
.≈##...%.##≈# .. .
.#.......#..#...
...≈.......#..≈.......
...##........##......###
....####.....#..........
##.....#....#≈≈.........
.......s......#..[......
......†@##..............
....##..#...............
..# #..##^..............
....#...........####.
#....#.#≈####.......##
#....###....≈#........
##..##.........?.##...
####.............##..
#...#...#........≈..


You could see an emperor scorpion.

Vanquished Creatures
  Rupert (Lair:5)
  Josephine (Lair:4)
  9 hydras
  A catoblepas (Lair:6)
  A two-headed ogre (D:10)
  3 alligators (Lair:5)
  9 death yaks
  An unseen horror (D:8)
  A swamp dragon (Lair:5)
  A lindwurm (Lair:6)
  3 wolf spiders (Spider:1)
  2 manticores (Lair:6)
  8 elephants (Lair:6)
  8 black mambas
  A torpor snail (Lair:5)
  Psyche (D:10)
  15 spiny frogs
  4 rime drakes
  4 demonic crawlers (Spider:1)
  7 komodo dragons
  6 jumping spiders (Spider:1)
  A polar bear (Lair:3)
  A troll (D:9)
  Grinder (D:6)
  A hornet (Lair:4)
  A slime creature (Lair:5)
  13 dream sheep (Lair:6)
  8 hippogriffs
  28 yaks
  6 tarantellas (Spider:1)
  2 redbacks (Spider:1)
  3 wraiths (Lair:4)
  A human (D:7)
  2 wyverns
  4 hogs (D:7)
  3 basilisks
  A hungry ghost (D:8)
  A steam dragon (Lair:2)
  8 swamp worms
  A warg (D:9)
  Edmund (D:4)
  13 water moccasins
  6 porcupines
  3 sky beasts
  6 orc warriors
  3 swamp drakes (Lair:5)
  4 black bears
  4 ice beasts
  3 phantoms
  5 ogres
  7 wolves
  11 crocodiles
  3 centaurs
  3 big kobolds
  13 bullfrogs
  A gnoll sergeant (D:7)
  4 scorpions
  6 wights
  10 electric eels
  4 howler monkeys
  6 crimson imps
  3 bullfrog zombies
  7 hounds
  6 jellies
  4 orc priests
  2 bullfrog skeletons
  5 orc wizards
  2 centaur skeletons
  Terence (D:2)
  An iguana (D:7)
  10 worker ants
  3 hell rats (Lair:1)
  2 hound zombies
  A hound skeleton (D:6)
  10 adders
  3 gnolls
  2 howler monkey skeletons
  8 river rats (Lair:1)
  4 shadow imps
  An ooze (D:1)
  An adder skeleton (D:5)
  10 worms
  A dart slug (D:1)
  7 leopard geckos
  38 orcs
  A ball python (D:4)
  3 bats
  7 giant cockroaches
  8 goblins
  15 hobgoblins
  4 jackals (D:4)
  13 kobolds
  6 quokkas
  11 frilled lizards
  14 rats
  5 fungi
  9 plants
517 creatures vanquished.

Vanquished Creatures (others)
  44 fungi
  59 plants
103 creatures vanquished.

Grand Total: 620 creatures vanquished

Notes
Turn   | Place    | Note
-------+----------+-------------------------------------------
     0 | D:1      | Faustar the Minotaur Berserker began the quest for the Orb.
     0 | D:1      | Reached XP level 1. HP: 19/19 MP: 0/0
   119 | D:1      | Reached XP level 2. HP: 20/27 MP: 1/1
   438 | D:1      | Reached XP level 3. HP: 34/34 MP: 2/2
   657 | D:2      | Noticed Terence
   713 | D:2      | Reached ** piety under Trog
   772 | D:2      | Killed Terence
   775 | D:2      | Reached XP level 4. HP: 41/41 MP: 3/3
   826 | D:2      | Found a sacrificial altar of Ru.
   846 | D:2      | Reached skill level 5 in Fighting
   846 | D:2      | Reached skill level 5 in Axes
   967 | D:2      | Found a bloodstained altar of Trog.
  1407 | D:3      | Reached XP level 5. HP: 48/48 MP: 4/4
  2060 | D:4      | Noticed a phantom
  2060 | D:4      | Noticed an ogre
  2067 | D:4      | Killed an ogre
  2067 | D:4      | Reached XP level 6. HP: 58/58 MP: 5/5
  2349 | D:4      | Reached XP level 7. HP: 63/66 MP: 6/6
  2385 | D:4      | Reached *** piety under Trog
  2412 | D:4      | Found an opulent altar of Gozag.
  2616 | D:4      | Noticed Edmund
  2628 | D:4      | Killed Edmund
  2919 | D:5      | Entered Level 5 of the Dungeon
  3261 | D:5      | Found an ornate altar of the Wu Jian Council.
  3393 | D:5      | Reached XP level 8. HP: 58/75 MP: 7/7
  3406 | D:5      | Found a staircase to the Ecumenical Temple.
  3915 | D:6      | Found a bloodstained altar of Trog.
  3916 | D:6      | Found a shimmering altar of Xom.
  3941 | D:6      | Noticed Grinder
  3941 | D:6      | Paralysed by Grinder for 2 turns
  3953 | D:6      | Killed Grinder
  4299 | D:6      | Found an ancient bone altar of Kikubaaqudgha.
  4472 | D:7      | Noticed an eight-headed hydra
  4480 | D:6      | Reached skill level 10 in Fighting
  4480 | D:6      | Reached skill level 10 in Axes
  4620 | D:7      | Reached XP level 9. HP: 85/86 MP: 8/8
  4712 | D:7      | Reached **** piety under Trog
  5660 | D:6      | Found a hide-covered altar of Uskayaw.
  5676 | D:8      | Found a radiant altar of Vehumet.
  6371 | D:8      | Reached XP level 10. HP: 95/99 MP: 9/9
  6641 | D:8      | Killed an unseen horror
  6648 | D:8      | Got a transparent granite ring
  6650 | D:8      | Identified the ring "Syurhues" {rF+++ AC+5 Str-4 Int+6} (You found it on level 8 of the Dungeon)
  7598 | D:9      | Found a staircase to the Orcish Mines.
  7622 | Orc:1    | Entered Level 1 of the Orcish Mines
  7716 | D:9      | Killed a ten-headed hydra
  7983 | D:9      | Found a glowing silver altar of Zin.
  8148 | D:10     | Entered Level 10 of the Dungeon
  8607 | D:10     | Reached XP level 11. HP: 108/110 MP: 10/10
  8911 | D:10     | Noticed Psyche
  8936 | D:10     | Killed Psyche
  8978 | D:10     | Noticed a two-headed ogre
  8997 | D:10     | Killed a two-headed ogre
  9342 | D:10     | Found a staircase to the Lair.
  9722 | D:10     | Reached skill level 15 in Fighting
  9722 | D:10     | Reached skill level 15 in Axes
 10031 | Lair:1   | Entered Level 1 of the Lair of Beasts
 10961 | Lair:2   | Noticed a death yak
 11147 | Lair:2   | Noticed a four-headed hydra
 11161 | Lair:2   | Killed a one-headed hydra
 11229 | Lair:2   | Noticed a seven-headed hydra
 11627 | Lair:2   | Killed a one-headed hydra
 11670 | Lair:2   | Noticed a six-headed hydra
 11682 | Lair:2   | Killed a one-headed hydra
 11682 | Lair:2   | Reached XP level 12. HP: 122/122 MP: 11/11
 12177 | Lair:2   | Noticed a death yak
 12177 | Lair:2   | Noticed a death yak
 12216 | Lair:2   | Killed a death yak
 12222 | Lair:2   | Killed a death yak
 12227 | Lair:2   | Noticed a death yak
 12758 | Lair:2   | Found a staircase to the Swamp.
 13026 | Lair:2   | Killed a death yak
 13027 | Lair:2   | Noticed a death yak
 13046 | Lair:2   | Noticed a death yak
 13075 | Lair:1   | Killed a death yak
 13513 | Lair:2   | Killed a death yak
 13521 | Lair:2   | Killed a death yak
 15046 | Lair:4   | Reached XP level 13. HP: 114/134 MP: 12/12
 15549 | Lair:4   | Found a hole to the Spider Nest.
 15664 | Lair:4   | Noticed Josephine
 15683 | Lair:4   | Killed Josephine
 17051 | Lair:5   | Noticed Rupert
 17073 | Lair:5   | Killed Rupert
 17073 | Lair:5   | Received a gift from Trog
 18840 | Lair:6   | Entered Level 6 of the Lair of Beasts
 20276 | Lair:6   | Reached XP level 14. HP: 136/146 MP: 13/13
 21250 | Spider:1 | Entered Level 1 of the Spider Nest
 21808 | Spider:1 | Noticed an emperor scorpion
 21830 | Spider:1 | HP: 9/222 [poisoned by an emperor scorpion]
 21831 | Spider:1 | Slain by an emperor scorpion

Vault maps used:
D:1:      zelgadis_glass_arrival_small, roderic_lattice_a
D:2:      hangedman_ru_absence, hangedman_decor_points, minmay_misc_feat_iff,
          minmay_misc_feat_diagonals, trog_three_pillars_becter, uniq_terence
D:4:      nicolae_gozag_cash_rules_everything_around_me, minmay_vboxes,
          uniq_edmund
D:5:      lemuel_crystal_altar, minmay_temple_entry_glassed_door, first_ration
D:6:      kennysheep_mini, nicolae_overflow_hidden_temple, serial_curves,
          eino_curves_01, eino_curves_01, eino_curves_04, serial_park_tiny_pond,
          uniq_grinder
D:7:      cheibrodos_fzero, grunt_livestock
D:8:      vehumet_crystals, kennysheep_just_a_vault
D:9:      david_orc_3, basic_altar, grunt_decor_clamped
D:10:     grunt_lair_entry_orc_guard_hut, kennysheep_generic_room_7, uniq_psyche
D:11:     enter_bailey_3
Lair:1:   statuecave_lemuel, kennysheep_abandoned_house
Lair:2:   nicolae_swamp_entry_splash_gauntlet, st_stairs_4, grunt_megastairs_4,
          serial_bayou_shore_b, minmay_lair_oklob_chamber
Lair:3:   beast_lair_carwin_1, serial_bayou_shore_a
Lair:4:   nicolae_spider_entry_non_spiders, serial_bayou_pond_c,
          minmay_lair_oklob_bushes, uniq_josephine
Lair:5:   onia_ninara_swampy_vault, serial_bayou_lake_a, serial_bayou_shore_b,
          lemuel_fruit_tree, infiniplex_staircase_pool, uniq_rupert
Lair:6:   hangedman_lair_in_review, wormcave, minmay_slime_entry_oklob_enclosed,
          hangedman_lair_unloving_vines
Orc:1:    serial_shops, nicolae_shop_statue_plus, nicolae_orc_sculptors_studio,
          trog_hazing_becter, uniq_urug, uniq_gastronok

Skill      XL: |  1  2  3  4  5  6  7  8  9 10 11 12 13 14 |
---------------+-------------------------------------------+-----
Fighting       | 4 5 6 7 8 10 12 14 16 17 19 20 | 20.1
Axes           | 4 5 6 7 8 10 12 14 16 17 19 20 | 20.1
Armour         | |  2.4
Dodging        | |  2.1

Action                   |  1- 3 |  4- 6 |  7- 9 | 10-12 | 13-15 || total
-------------------------+-------+-------+-------+-------+-------++-------
Melee: Hand axe          |    58 |   146 |   278 |   785 |   436 ||  1703
       Headbutt          |     8 |    31 |    62 |   181 |   139 ||   421
       Battleaxe         |       |       |       |       |   164 ||   164
Invok: Berserk           |     1 |     3 |     7 |    15 |    14 ||    40
       Trog's Hand       |       |     3 |     9 |    36 |    29 ||    77
       Burn Spellbooks   |       |       |       |       |     1 ||     1
Evoke: Wand              |       |       |     2 |    22 |     4 ||    28
  Use: Scroll            |       |       |    15 |     6 |       ||    21
       Potion            |       |       |       |     1 |     3 ||     4
 Stab: Paralysed         |       |       |       |     8 |     1 ||     9
  Eat: Chunk             |       |     9 |    13 |    37 |    33 ||    92
       Ration            |       |       |     3 |     5 |     3 ||    11
Armor: Animal skin       |     2 |       |       |       |       ||     2
       Scale mail        |    15 |    41 |    87 |   272 |   256 ||   671
Dodge: Dodged            |    22 |    60 |   113 |   246 |   209 ||   650

Table legend:
 A = Spawn XP
 B = Non-spawn XP
 C = Spawn XP percentage of total XP
 D = Spawn monster count
 E = Non-spawn monster count
 F = Spawn count percentage of total count
 G = Total turns spent on level
                    A         B        C        D         E        F      G
               +---------+---------+-------+---------+---------+-------+---------
         Total |       0 |   84593 |   0.0 |       0 |     503 |   0.0 | 21831
               +---------+---------+-------+---------+---------+-------+---------
           D:1 |       0 |      42 |   0.0 |       0 |      20 |   0.0 |   684
           D:2 |       0 |      76 |   0.0 |       0 |      21 |   0.0 |   527
           D:3 |       0 |     149 |   0.0 |       0 |      35 |   0.0 |   820
           D:4 |       0 |     744 |   0.0 |       0 |      23 |   0.0 |   959
           D:5 |       0 |     538 |   0.0 |       0 |      18 |   0.0 |   764
           D:6 |       0 |     836 |   0.0 |       0 |      17 |   0.0 |   786
           D:7 |       0 |    2210 |   0.0 |       0 |      31 |   0.0 |  1208
           D:8 |       0 |    2819 |   0.0 |       0 |      29 |   0.0 |  1333
           D:9 |       0 |    2799 |   0.0 |       0 |      39 |   0.0 |  1077
          D:10 |       0 |    5153 |   0.0 |       0 |      41 |   0.0 |  1783
          D:11 |       0 |    1058 |   0.0 |       0 |       4 |   0.0 |    87
        Lair:1 |       0 |    3187 |   0.0 |       0 |      27 |   0.0 |  1853
        Lair:2 |       0 |   13756 |   0.0 |       0 |      37 |   0.0 |  1686
        Lair:3 |       0 |    4180 |   0.0 |       0 |      21 |   0.0 |  1446
        Lair:4 |       0 |    3902 |   0.0 |       0 |      21 |   0.0 |  1475
        Lair:5 |       0 |   13841 |   0.0 |       0 |      38 |   0.0 |  2529
        Lair:6 |       0 |   22637 |   0.0 |       0 |      58 |   0.0 |  2230
      Spider:1 |       0 |    6666 |   0.0 |       0 |      23 |   0.0 |   581
               +---------+---------+-------+---------+---------+-------+---------
